AoeStats
← The_Economist

Arena

510380165Analyzed
1v1 RM · 13h ago on Sep 30, 2026· 55m 23s· 2 players
Game mode
Random Map
Map size
Tiny (2 player)
Population
200
Speed
Normal
Resources
Standard
Victory
Conquest
Starting age
Dark Age
Ending age
Imperial Age
RankedLock teamsTeams togetherTeam positionsShared explorationLock speedFull tech treeHidden civsTurbo modeCheats
Victory
Defeat
🇺🇸 Malay · United States
1341
+16
🇦🇷 Aztecs · Argentina
1337
-16
theWarlock
10:17 Feudal Age
14:50 Castle Age
13:21 Double-Bit Axe
16:14 Bow Saw
20:22 Horse Collar
23:12 Wheelbarrow
22:55 Eagle Warrior
24:44 Scale Mail Armor
27:14 Chain Mail Armor
30:37 Hand Cart
33:56 Imperial Age
31:43 Forging
31:23 Elite Skirmisher
31:55 Fletching
32:41 Ballistics
33:20 Iron Casting
32:42 Gold Mining
33:16 Bodkin Arrow
33:36 Atlatl
34:00 Gambesons
34:16 Squires
34:02 Arson
35:21 Gold Shaft Mining
35:46 Plate Mail Armor
35:30 Heavy Plow
36:01 Conscription
36:18 Town Watch
36:19 Loom
37:12 Crop Rotation
36:26 Elite Eagle Warrior
37:10 Padded Archer Armor
38:06 Garland Wars
38:00 Bracer
39:47 Blast Furnace
42:10 Man-at-Arms
42:51 Long Swordsman
43:28 Two-Handed Swordsman
44:24 Champion
52:44 Chemistry
The_Economist
9:11 Feudal Age
8:49 Double-Bit Axe
9:29 Horse Collar
17:16 Castle Age
16:07 Fletching
17:55 Wheelbarrow
20:12 Bow Saw
20:49 Hand Cart
22:20 Bodkin Arrow
23:06 Crossbowman
23:48 Loom
24:56 Gold Mining
24:57 Stone Mining
26:49 Heated Shot
27:19 Ballistics
30:27 Imperial Age
28:05 Padded Archer Armor
29:57 Bracer
30:59 Chemistry
30:39 Conscription
30:37 Forging
30:20 Town Watch
30:38 Heavy Plow
30:24 Man-at-Arms
31:04 Squires
33:05 Leather Archer Armor
33:25 Iron Casting
32:43 Long Swordsman
33:10 Arson
33:51 Forced Levy
35:01 Crop Rotation
34:54 Thumb Ring
34:31 Two-Handed Swordsman
36:13 Blast Furnace
35:44 Ring Archer Armor
35:19 Scale Barding Armor
35:58 Stone Shaft Mining
35:59 Gold Shaft Mining
36:03 Town Patrol
37:16 Arbalester
46:55 Masonry
48:25 Siege Engineers
48:15 Murder Holes
48:45 Bombard Tower
48:15 Guard Tower
Connection lost

Rejoining the realm…

Still unreachable

The connection could not be restored.

Session expired

The server has moved on; the page needs a fresh start.